 Dungeon Crawl Stone Soup version 0.27-a0-1384-g1422d76b99 (webtiles) character file.

Game seed: 9888924995445393335

1 dickylongcocking the Magician (level 1, -1/20 HPs)
             Began as a Djinni Wanderer on July 1, 2021.
             Slain by a dart slug (2 damage)
             ... on level 1 of the Dungeon.
             The game lasted 00:00:15 (43 turns).

dickylongcocking the Magician (Djinni Wanderer)       Turns: 43, Time: 00:00:15

Health: -1/20      AC:  2    Str: 13    XL:     1   Next: 22%
Gold:   0          EV: 11    Int: 14    God:
                   SH:  0    Dex:  9

rFire    + + .     SeeInvis .   a - +0 club
rCold    x . .     Faith    .   (no shield)
rNeg     . . .     Spirit   .   b - +0 robe
rPois    ∞         Reflect  .   (no helmet)
rElec    .         Harm     .   (no cloak)
rCorr    .         Rampage  .   (no gloves)
Will     .....                  (boots unavailable)
Stlth    +.........             (no amulet)
HPRegen  0.06/turn              (no ring)
MPRegen  0.00/turn              (no ring)

@: flying
A: sickness immunity, fire resistance 2, cold vulnerability 1, float, innate
caster, hp casting, extra vitality 1
a: no special abilities


You were on level 1 of the Dungeon.
You visited 1 branch of the dungeon, and saw 1 of its levels.

Inventory:

Hand Weapons
 a - a +0 club (weapon)
Armour
 b - a +0 robe (worn)
Scrolls
 c - a scroll of teleportation {unknown}


   Skills:
 * Level 3.1 Fighting
 - Level 4.1 Spellcasting
 - Level 2.0 Evocations


You couldn't memorise any spells.
You knew the following spells:

 Your Spells              Type           Power      Damage    Failure   Level
a - Magic Dart            Conj           56%        1d5       3%          1
b - Blink                 Tloc           N/A        N/A       5%          2
c - Call Imp              Summ           14%        N/A       5%          2
d - Slow                  Hex            14%        N/A       5%          2
e - Conjure Flame         Conj/Fire      14%        6-21      11%         3
f - Mephitic Cloud        Conj/Pois/Air  14%        N/A       11%         3

Your spell library contained the following spells:

 Spells                   Type           Power      Damage    Failure   Level


Dungeon Overview and Level Annotations

Branches:
Dungeon (1/15)

Altars:


Innate Abilities, Weirdness & Mutations

You are immune to sickness and miasma.
You are immune to poison.
Your flesh is very heat resistant. (rF++)
You are vulnerable to cold. (rC-)
You float through the air rather than walking.
You learn spells naturally, not from books.
Your magical power is your life essence.
You have superior vitality. (+4 HP)


Message History

Unknown command.
Unknown command.
Casting: Magic Dart (safe; 3% risk of failure)
Confirm with . or Enter, or press ? or * to list all spells.
You aren't experienced enough to cast this spell.
Unknown command.
Unknown command.
Casting: Magic Dart (safe; 3% risk of failure)
Confirm with . or Enter, or press ? or * to list all spells.
You aren't experienced enough to cast this spell.
Unknown command.
Unknown command.
Casting: Magic Dart (safe; 3% risk of failure)
Confirm with . or Enter, or press ? or * to list all spells.
Aiming: Magic Dart (safe; 3% risk of failure)
Press: ? - help, Shift-Dir - straight line, f/p - dart slug
Aim: a dart slug (moderately wounded, 100% to hit)
The magic dart hits the dart slug.
The dart slug is moderately wounded.
* * * LOW HITPOINT WARNING * * *
The dart slug launches a dart at you. The slug dart hits you.
* * * LOW HITPOINT WARNING * * *
Casting: Magic Dart (safe; 3% risk of failure)
Confirm with . or Enter, or press ? or * to list all spells.
You don't have enough health to cast this spell.
Unknown command.
Unknown command.
Unknown command.
Unknown command.
Casting: Magic Dart (safe; 3% risk of failure)
Confirm with . or Enter, or press ? or * to list all spells.
You don't have enough health to cast this spell.
Unknown command.
Unknown command.
Unknown command.
You hit the dart slug.
The dart slug is severely wounded.
The dart slug bites you.
You die...

##.♣≈≈≈≈≈≈≈≈≈
#.♣P≈≈≈≈≈≈≈≈≈
#.≈♣P≈≈≈≈≈≈≈≈
#.P♣PP≈≈≈≈≈≈≈
#.≈≈P≈≈≈≈≈≈≈≈
#.♣♣≈≈≈≈≈≈≈≈≈
#.♣♣≈P♣≈≈≈≈≈≈
#..≈≈≈≈≈≈≈≈≈P
##.PP@≈♣≈≈≈≈
#.♣≈w≈≈≈≈♣≈
#.≈♣≈≈≈≈P≈≈≈
#..♣≈≈≈♣≈≈≈≈
##.≈≈P≈≈≈≈♣♣
###≈♣≈≈≈P♣
###≈≈♣♣ #≈≈


You could see a dart slug.

Vanquished Creatures
  A bat (D:1)
1 creature vanquished.

Notes
Turn   | Place    | Note
-------+----------+-------------------------------------------
     0 | D:1      | dickylongcocking the Djinni Wanderer began the quest for
                  | the Orb.
     0 | D:1      | Reached XP level 1. HP: 20/20 MP: 0/0
    42 | D:1      | HP: 1/20 [dart slug/slug dart (4)]
    43 | D:1      | Slain by a dart slug

Illustrated notes

Levels and vault maps discovered:
D:1:      psy_arrival_statuary, layout_basic, serial_bayou, serial_bayou_ford_a,
          serial_bayou_lake_a, serial_bayou_pond_b, serial_bayou_lagoon_a,
          serial_bayou_crossing, hellmonk_ecumenical_altar_slurped_away

Action                   || total
-------------------------++-------
Melee: Club              ||     2
 Cast: Magic Dart        ||     7
Armor: Robe              ||     1
Dodge: Dodged            ||     4

Table legend: (Time is in decaauts)
 A = Elapsed time spent in this place.
 B = Non-inter-level travel time spent in this place.
 C = Inter-level travel time spent in this place.
 D = Time resting spent in this place.
 E = Time spent auto-exploring this place.
 F = Levels seen in this place.
 G = Mean time per level.
                   A        B        C        D        E       F      G
               +--------+--------+--------+--------+--------+-----+--------+
         Total |     43 |     43 |      0 |      0 |     29 |   1 |   43.0 |
       Dungeon |     43 |     43 |      0 |      0 |     29 |   1 |   43.0 |
               +--------+--------+--------+--------+--------+-----+--------+

Top non-repeatable levels by time:
     D:1: 43 daAuts
